 Seeded DCSS version 0.28-a0-1389-gc726bef33b (webtiles) character file.

Game seed: 149535934464586951 (custom seed)

151343 flotson the Warrior (level 16, -1/105 (138) HPs)
             Began as a Demonspawn Gladiator on Jan 3, 2022.
             Was an Initiate of Gozag.
             Killed from afar by a deep elf zephyrmancer (20 damage)
             ... with a bolt of lightning
             ... on level 2 of the Elven Halls.
             The game lasted 01:06:01 (44482 turns).

flotson the Warrior (Demonspawn Gladiator)         Turns: 44482, Time: 01:06:01

HP:   -1/105 (138)  AC: 26    Str: 26    XL:     16   Next: 71%
MP:   0/16          EV: 10    Int: 11    God:    Gozag
Gold: 6463          SH: 16    Dex: 20    Spells: 15/15 levels left

rFire   . . .      SeeInvis .   b - +7 broad axe (venom)
rCold   . . .      Faith    .   n - +1 tower shield {AC+3}
rNeg    . . .      Spirit   +   B - +4 plate armour {Will+}
rPois   .          Reflect  .   (helmet restricted)
rElec   .          Harm     .   Q - +0 cloak
rCorr   .          Rampage  .   L - +0 pair of gloves
Will    ++...                   N - +0 pair of boots
Stlth   ..........              z - amulet of guardian spirit
HPRegen 0.27/turn               Z - ring of Shadows {Umbra +Inv Stlth+}
MPRegen 0.15/turn               r - +6 ring of strength

@: wreathed by umbra, studying Hexes, heavily drained
A: horns 2, thin skeletal structure 2, demonic guardian 2, ignite blood 2
}: 1/15 runes: abyssal
a: Renounce Religion, Evoke Invisibility, Potion Petition, Call Merchant, Bribe
Branch


You were on level 2 of the Elven Halls.
You worshipped Gozag.
Gozag was greatly pleased with you.
You visited 5 branches of the dungeon, and saw 26 of its levels.
You visited the Abyss 1 time.
You also visited: Sewer, Bailey and Gauntlet.

You collected 10349 gold pieces.
You spent 3830 gold pieces at shops.
You paid 56 gold pieces to Gozag.

Inventory:

Hand Weapons
 a - the +10 war axe of Cataclysm {drain, Fly rPois rN+ Int-2}
   (You found it on level 2 of the Lair of Beasts)

   A truly terrible weapon, it drains the life of any living foe it strikes.
   Int:       It affects your intelligence (-2).
   rPois:     It protects you from poison.
   rN:        It protects you from negative energy.
   Fly:       It grants you flight.
 b - a +7 broad axe of venom (weapon)
Missiles
 u - 9 curare-tipped darts (quivered)
 y - 4 boomerangs of dispersal
 E - 8 silver javelins
 H - 3 datura-tipped darts
 I - 2 throwing nets
Armour
 d - an orb of mayhem
 n - a +1 tower shield of protection (worn)
 B - a +4 plate armour of willpower (worn)
 L - a +0 pair of gloves (worn)
 N - a +0 pair of boots (worn)
 Q - a +0 cloak (worn)
Jewellery
 r - a +6 ring of strength (right hand)
 s - a ring of fire
 t - a ring of protection from cold
 z - an amulet of guardian spirit (around neck)
 Z - the ring of Shadows (left hand) {Umbra +Inv Stlth+}
   (You found it in a Gauntlet)

   [ring of stealth]

   It surrounds you with an aura of shadow, increasing your stealth and reducing
   the accuracy of all others within it.
   +Inv:      It lets you turn invisible.
   Stlth:     It makes you more stealthy.
Wands
 i - a wand of digging (1)
 j - a wand of flame (11)
 m - a wand of charming (13)
 T - a wand of acid (11)
 U - a wand of mindburst (11)
 W - a wand of iceblast (9)
 X - a wand of paralysis (12)
Scrolls
 e - 4 scrolls of blinking
 f - a scroll of identify
 p - 4 scrolls of fog
 q - 2 scrolls of summoning
 v - 3 scrolls of holy word
 x - 6 scrolls of vulnerability
 C - 9 scrolls of teleportation
 G - 3 scrolls of silence
 O - 4 scrolls of fear
 P - 8 scrolls of enchant armour
 S - 6 scrolls of magic mapping
 Y - 2 scrolls of immolation
Potions
 c - a potion of mutation
 g - 4 potions of lignification
 h - 5 potions of might
 k - 4 potions of attraction
 l - 3 potions of invisibility
 w - 2 potions of resistance
 A - 15 potions of heal wounds
 D - 5 potions of haste
 F - 3 potions of ambrosia
 K - 5 potions of berserk rage
 M - 10 potions of curing
Miscellaneous
 J - a phial of floods
 R - a phantom mirror (inert)
 V - a condenser vane


   Skills:
 + Level 16.0 Fighting
 + Level 11.4(11.6) Axes
 - Level 3.1(7.9) Maces & Flails
 + Level 11.8 Throwing
 + Level 11.5 Armour
 + Level 11.9 Dodging
 + Level 5.2 Shields
 + Level 8.5 Evocations


You had 15 spell levels left.
You didn't know any spells.
Your spell library contained the following spells:

 Spells                   Type           Power      Damage    Failure   Level
 Apportation              Tloc           0%         N/A       100%        1
 Foxfire                  Conj/Fire      0%         2x1d4     100%        1
 Freeze                   Ice            0%         1d3       100%        1
 Searing Ray              Conj           0%         2d4       100%        2
 Call Canine Familiar     Summ           0%         N/A       100%        3
 Confusing Touch          Hex            0%         N/A       100%        3
 Conjure Flame            Conj/Fire      0%         6-21      100%        3
 Dazzling Flash           Conj/Hex       0%         N/A       100%        3
 Frozen Ramparts          Ice            0%         1d2       100%        3
 Gell's Gravitas          Tloc           0%         N/A       100%        3
 Ignite Poison            Fire/Tmut/Pois 0%         N/A       100%        3
 Inner Flame              Hex/Fire       0%         N/A       100%        3
 Portal Projectile        Hex/Tloc       0%         N/A       100%        3
 Teleport Other           Tloc           0%         N/A       100%        3
 Cause Fear               Hex            0%         N/A       100%        4
 Flame Wave               Conj/Fire      0%         2d4       100%        4
 Hailstorm                Conj/Ice       0%         3d3       100%        4
 Ice Form                 Ice/Tmut       0%         N/A       100%        4
 Leda's Liquefaction      Hex/Erth       0%         N/A       100%        4
 Sticky Flame             Conj/Fire      0%         2d3       100%        4
 Summon Ice Beast         Ice/Summ       0%         N/A       100%        4
 Agony                    Necr           0%         N/A       100%        5
 Alistair's Intoxication  Tmut/Pois      0%         N/A       100%        5
 Fireball                 Conj/Fire      0%         3d3       100%        5
 Iskenderun's Battlesphe  Conj           0%         2d6       100%        5
 Lee's Rapid Deconstruct  Erth           0%         3d5*      100%        5
 Silence                  Hex/Air        0%         N/A       100%        5
 Yara's Violent Unravell  Hex/Tmut       0%         3d3       100%        5
 Conjure Ball Lightning   Conj/Air       0%         3x3d6     100%        6
 Dispersal                Tloc           0%         N/A       100%        6
 Statue Form              Tmut/Erth      0%         N/A       100%        6
 Enfeeble                 Hex            0%         N/A       100%        7
 Haunt                    Necr/Summ      0%         N/A       100%        7
 Malign Gateway           Summ/Tloc      0%         N/A       100%        7
 Monstrous Menagerie      Summ           0%         N/A       100%        7
 Orb of Destruction       Conj           0%         N/A       100%        7
 Discord                  Hex            0%         N/A       100%        8
 Summon Horrible Things   Summ           0%         N/A       100%        8


Dungeon Overview and Level Annotations

Branches:
Dungeon (15/15)            Temple (1/1) D:4            Lair (6/6) D:8
  Snake (0/4) Lair:3       Spider (0/4) Lair:3        Slime (0/5) Lair:5
    Orc (2/2) D:11            Elf (2/3) Orc:2        Vaults (0/5) D:13
 Depths (0/4) D:15          Sewer (visited)          Bailey (visited)
Gauntlet (visited)

Altars:
Cheibriados
Dithmenos
Elyvilon
Fedhas
Gozag
Hepliaklqana
Makhleb
Okawaru
Qazlal
Ru
Sif Muna
Uskayaw
Vehumet
Wu Jian
Yredelemnul
Beogh
Jiyva

Shops:
D:13 !   Orc:1 [   Orc:2 (=?=   Elf:2 ?*([!

Portals:
Hell: Lair:6


Innate Abilities, Weirdness & Mutations

You have a pair of horns on your head.
You have a moderately thin skeletal structure. (Dex +4, Stealth++)
A demonic guardian rushes to your aid.
Your demonic aura often causes spilled blood to erupt in flames.


Message History

You hit the +0 vorpal glaive but do no damage.
Your headbutt misses the +0 vorpal glaive.
The +0 vorpal glaive is lightly damaged.
You hit the +1 dire flail of pain but do no damage.
You block the +1 dire flail of pain's attack.
The +0 vorpal glaive barely misses you.
The +1 dire flail of pain closely misses you.
You miss the +0 vorpal glaive.
Your headbutt misses the +0 vorpal glaive.
The +0 vorpal glaive is lightly damaged.
You barely miss the +1 dire flail of pain.
You block the +1 dire flail of pain's attack.
The +0 vorpal glaive completely misses you.
The +1 dire flail of pain hits you. The +0 vorpal glaive hits you!
You are too injured to fight recklessly!
Unknown command.
You are too injured to fight recklessly!
Unknown command.
The +1 dire flail of pain is engulfed in blazing flames.
The +0 vorpal glaive hits you from afar!
* * * LOW HITPOINT WARNING * * *
x2 A demonic guardian appears!
The +1 dire flail of pain hits you.
* * * LOW HITPOINT WARNING * * *
The deep elf knight mumbles some strange words.
The deep elf knight flickers and vanishes!
Deactivating autopickup; reactivate with Ctrl-A.
You block the +1 dire flail of pain's attack.
Your orange demon stings the +1 dire flail of pain.
Your orange demon hits the +1 dire flail of pain but does no damage.
The +0 vorpal glaive hits you but does no damage.
The deep elf zephyrmancer casts a spell at you.
The bolt of lightning hits something!!
The bolt of lightning hits the +3 dire flail of draining.
The +3 dire flail of draining completely resists.
The bolt of lightning misses the +0 vorpal glaive.
The bolt of lightning hits the +1 dire flail of pain.
The +1 dire flail of pain completely resists.
The bolt of lightning hits you!!
You die...
Your body crumbles into a pile of gold.

#.......# ##.........
#.......# #.......... ...
#..#.#.)# ##......... ...
#.......# ##....#.......
##)''''#### ##...###......
....[.....###...## #.....
...........#.....###.e....
....#.............#({.....
..#####.........@((○......
....#...........4.........
##.....##....##...##...##.
###...####..####.## #.##
##### #### ### ##


You could see a deep elf zephyrmancer, 3 dancing weapons and a friendly orange
demon (summoned).

Vanquished Creatures
  Rupert (D:14)
  Donald (Elf:2)
  A frost giant (D:15)
  Louise (D:15)
  An orc warlord (Orc:2)
  A deep elf annihilator (Elf:1)
  A minotaur (Gauntlet)
  Erolcha (D:9)
  The ghost of Clumpoid the Brawler, a journeyman TrMo of Makhleb (Orc:1)
  5 hydras
  An ogre mage (D:14)
  A boulder beetle (D:15)
  A death knight (D:12)
  5 centaur warriors
  19 two-headed ogres
  7 death yaks
  4 tengu warriors
  Sonja (Lair:1)
  2 orc high priests (Orc:2)
  A fire crab (Gauntlet)
  11 deep elf knights
  9 deep elf archers
  A wizard (D:13)
  Pikel (D:5)
  10 deep elf zephyrmancers
  22 deep elf pyromancers
  7 orc knights
  5 orc sorcerers (Orc:2)
  7 ugly things
  3 cyclopes
  A wolf spider (D:12)
  6 manticores
  Maurice (D:9)
  An elephant (Lair:6)
  4 black mambas
  A minotaur zombie (Gauntlet)
  3 orange demons (Lair:6)
  A gargoyle (D:13)
  6 cane toads
  Maggie (D:9)
  An unseen horror (D:11)
  A smoke demon (Lair:6)
  9 rime drakes
  2 efreet
  9 komodo dragons
  A tengu conjurer (D:13)
  A red devil (Lair:6)
  An entropy weaver simulacrum (D:11)
  2 freezing wraiths (D:12)
  2 ice devils
  A yaktaur (D:15)
  10 trolls
  2 polar bears
  Grinder (D:3)
  2 hornets
  A slime creature (D:12)
  13 blink frogs
  4 water elementals
  2 shadows
  3 air elementals
  7 wyverns
  39 yaks
  Sigmund (D:3)
  4 vampires
  2 fire bats (Gauntlet)
  Grum (D:10)
  4 wraiths
  A fire elemental (Elf:1)
  4 basilisks
  A basilisk (shapeshifter) (D:14)
  2 steam dragons
  A redback (Lair:3)
  3 wargs
  3 acid dragons (Lair:4)
  4 nagas (Lair:3)
  Menkaure (D:6)
  Edmund (D:5)
  13 water moccasins
  3 hell hounds (Lair:6)
  4 large abominations (Gauntlet)
  2 black bears
  41 orc warriors
  A hornet zombie (D:8)
  12 centaurs
  12 wolves
  2 boggarts (D:15)
  9 ogres
  A phantom (D:6)
  A kobold brigand (D:8)
  13 bullfrogs
  4 gnoll sergeants
  2 earth elementals
  A scorpion (Lair:2)
  6 small abominations (Gauntlet)
  An elephant simulacrum (D:11)
  13 killer bees
  4 howler monkeys
  A bullfrog zombie (D:5)
  4 centaur zombies
  A bullfrog skeleton (D:5)
  13 orc priests
  4 hounds
  A jelly (D:7)
  27 orc wizards
  An iguana (D:6)
  A spriggan simulacrum (D:11)
  8 hell rats (Lair:1)
  A hound skeleton (D:4)
  17 gnolls
  11 adders
  14 river rats
  2 white imps
  An ufetubus (D:6)
  5 worms
  2 dart slugs
  87 orcs
  16 ball pythons
  10 bats
  10 endoplasms
  2 giant cockroaches
  11 hobgoblins
  5 jackals
  12 kobolds
  9 quokkas
  8 frilled lizards
  16 goblins
  32 rats
781 creatures vanquished.

Vanquished Creatures (collateral kills)
  A deep elf blademaster (Elf:2)
  A centaur warrior (D:13)
  A two-headed ogre (D:10)
  3 death yaks (Lair:6)
  A deep elf knight (Elf:2)
  A sixfirhy (Lair:6)
  2 wizards
  A deep elf archer (Orc:2)
  A bog body (D:11)
  A phantasmal warrior (D:12)
  An orc knight (Bailey)
  An elephant (Lair:6)
  An efreet (D:14)
  5 blink frogs
  A centaur simulacrum (D:12)
  A vampire (D:10)
  2 yaks
  A basilisk (Lair:3)
  2 orc warriors
  2 sky beasts
  An ogre (Orc:2)
  A phantom (D:5)
  A small abomination (Gauntlet)
  An elephant simulacrum (D:11)
  3 orc priests
  4 orc wizards (Orc:2)
  A gnoll (D:10)
  4 river rats (Lair:1)
  A naga simulacrum (D:11)
  19 orcs
  2 rats (Lair:1)
68 creatures vanquished.

Vanquished Creatures (others)
  15 dancing weapons
  An orc sorcerer (Orc:1)
  An orange demon (Lair:6)
  A polar bear (D:11)
  A slime creature (D:12)
  A boggart (D:15)
  2 orc priests (Orc:1)
  An orc wizard (Orc:2)
  4 orcs
  A quokka (Lair:1)
  2 rats (Lair:1)
  17 fungi
  28 plants
75 creatures vanquished.

Grand Total: 924 creatures vanquished

Notes
Turn   | Place    | Note
-------+----------+-------------------------------------------
     0 | D:1      | flotson the Demonspawn Gladiator began the quest for the
                  | Orb.
     0 | D:1      | Reached XP level 1. HP: 16/16 MP: 1/1
   174 | D:1      | Gained mutation: Your demonic aura sometimes causes spilled
                  | blood to erupt in flames. [demonic ancestry]
   174 | D:1      | Reached XP level 2. HP: 22/22 MP: 2/2
   199 | D:1      | You fall into a shaft and drop 1 floor!
  1327 | D:2      | Gained mutation: Your demonic aura often causes spilled
                  | blood to erupt in flames. [demonic ancestry]
  1327 | D:2      | Reached XP level 3. HP: 28/28 MP: 3/3
  1621 | D:2      | Reached skill level 1 in Armour
  1765 | D:2      | Found a faded altar of an unknown god.
  2325 | D:3      | Noticed Grinder
  2333 | D:3      | Killed Grinder
  2334 | D:3      | Reached skill level 3 in Fighting
  2334 | D:3      | Reached skill level 1 in Axes
  2334 | D:3      | Gained mutation: A weak demonic guardian rushes to your
                  | aid. [demonic ancestry]
  2334 | D:3      | Reached XP level 4. HP: 13/35 MP: 4/4
  2334 | D:3      | Gained mutation: You have a somewhat thin skeletal
                  | structure. (Dex +2, Stealth+) [demonic ancestry]
  2334 | D:3      | Reached XP level 5. HP: 16/41 MP: 5/5
  2342 | D:3      | Noticed Sigmund
  2546 | D:3      | Found a glowing drain.
  2557 | Sewer    | Entered a sewer
  2633 | Sewer    | Gained mutation: You have a pair of small horns on your
                  | head. [demonic ancestry]
  2633 | Sewer    | Reached XP level 6. HP: 47/47 MP: 6/6
  3376 | D:3      | Found a hazy altar of Hepliaklqana.
  3974 | D:3      | Found a stormy altar of Qazlal.
  4100 | D:3      | Found a hazy altar of Hepliaklqana.
  4506 | D:3      | Killed Sigmund
  4507 | D:3      | Reached skill level 4 in Fighting
  4507 | D:3      | Gained mutation: A demonic guardian rushes to your aid.
                  | [demonic ancestry]
  4507 | D:3      | Reached XP level 7. HP: 51/54 MP: 7/7
  5065 | D:4      | Found a staircase to the Ecumenical Temple.
  5079 | Temple   | Entered the Ecumenical Temple
  5127 | Temple   | Became a worshipper of Gozag Ym Sagoz the Greedy
  5481 | D:4      | Found a hide-covered altar of Uskayaw.
  5510 | D:4      | Found a shadowy altar of Dithmenos.
  5927 | D:5      | Entered Level 5 of the Dungeon
  5983 | D:5      | Noticed Pikel
  6010 | D:5      | Killed Pikel
  6011 | D:5      | Gained mutation: You have a pair of horns on your head.
                  | [demonic ancestry]
  6011 | D:5      | Reached XP level 8. HP: 22/61 MP: 8/8
  6399 | D:5      | Noticed Edmund
  6406 | D:5      | Killed Edmund
  6407 | D:5      | Reached skill level 5 in Fighting
  6407 | D:5      | Reached skill level 5 in Dodging
  7074 | D:6      | Noticed Menkaure
  7081 | D:6      | Killed Menkaure
  7308 | D:6      | Found a basalt altar of Yredelemnul.
  7426 | D:6      | Found an iron altar of Okawaru.
  7430 | D:6      | Reached skill level 5 in Throwing
  7972 | D:6      | Reached XP level 9. HP: 68/68 MP: 9/9
  8031 | D:6      | Found a snail-covered altar of Cheibriados.
  8229 | D:7      | Found a burning altar of Makhleb.
  8367 | D:7      | Reached skill level 6 in Fighting
  8416 | D:7      | Found a flagged portal.
  8568 | Bailey   | Entered a bailey
  8626 | Bailey   | Reached skill level 5 in Armour
  9182 | Bailey   | Reached skill level 5 in Axes
  9453 | Bailey   | Reached skill level 12 in Fighting
  9453 | Bailey   | Reached XP level 10. HP: 89/89 MP: 10/10
  9454 | Bailey   | Noticed an orc knight
  9454 | Bailey   | Noticed an orc knight
  9517 | Bailey   | Killed an orc knight
  9646 | Bailey   | Killed an orc knight
 10719 | D:8      | Reached XP level 11. HP: 95/95 MP: 11/11
 10757 | D:8      | Found a staircase to the Lair.
 10784 | D:8      | Noticed a death yak
 10804 | D:8      | Noticed a death yak
 10804 | D:8      | Noticed a death yak
 10817 | D:8      | Killed a death yak
 10832 | D:7      | Killed a death yak
 11499 | D:8      | Killed a death yak
 12496 | D:9      | Noticed Maurice
 12514 | D:9      | Killed Maurice
 12697 | D:9      | Noticed Maggie
 12706 | D:9      | Killed Maggie
 12933 | D:9      | Found Owesmi's Magic Scroll Boutique.
 12940 | D:9      | Noticed Erolcha
 12941 | D:9      | Bought a scroll of teleportation for 33 gold pieces
 12941 | D:9      | Bought a scroll of identify for 22 gold pieces
 12941 | D:9      | Bought a scroll of identify for 22 gold pieces
 12941 | D:9      | Bought a scroll of summoning for 104 gold pieces
 12941 | D:9      | Bought 2 scrolls of vulnerability for 165 gold pieces
 12941 | D:9      | Bought a scroll of enchant armour for 82 gold pieces
 13134 | D:9      | Killed Erolcha
 13209 | D:10     | Entered Level 10 of the Dungeon
 13209 | D:10     | Found Hiucemp's Distillery.
 13238 | D:10     | Bought a potion of lignification for 33 gold pieces
 13238 | D:10     | Bought a potion of curing for 33 gold pieces
 13238 | D:10     | Bought a potion of curing for 33 gold pieces
 13238 | D:10     | Bought a potion of mutation for 88 gold pieces
 13238 | D:10     | Bought a potion of heal wounds for 55 gold pieces
 13238 | D:10     | Bought a potion of haste for 110 gold pieces
 13238 | D:10     | Bought a potion of berserk rage for 55 gold pieces
 13238 | D:10     | Bought a potion of heal wounds for 55 gold pieces
 13238 | D:10     | Bought a potion of curing for 33 gold pieces
 13442 | D:10     | Noticed a two-headed ogre
 13455 | D:10     | Killed a two-headed ogre
 14819 | D:10     | Found a shimmering blue altar of Sif Muna.
 14851 | D:10     | Noticed Grum
 14857 | D:10     | Killed Grum
 14858 | D:10     | Reached skill level 13 in Fighting
 15063 | Lair:1   | Entered Level 1 of the Lair of Beasts
 15087 | Lair:1   | You fall into a shaft and drop 1 floor!
 15124 | Lair:1   | Gained mutation: You have a moderately thin skeletal
                  | structure. (Dex +4, Stealth++) [demonic ancestry]
 15124 | Lair:1   | Reached XP level 12. HP: 86/105 MP: 12/12
 16041 | Lair:1   | Noticed Sonja
 16059 | Lair:1   | Killed Sonja
 17287 | Lair:2   | Identified the +10 war axe of Cataclysm {drain, Fly rPois
                  | rN+ Int-2}
 17371 | Lair:2   | Identified the +5 rapier "Imud Luc Acs" {pain, +Blink}
 18367 | Lair:3   | Identified the +11 falchion of Hyguol {vorpal, rF+ Dex+2}
 19307 | Lair:3   | Found a staircase to the Snake Pit.
 19839 | Lair:3   | Found a hole to the Spider Nest.
 20374 | Lair:4   | Reached XP level 13. HP: 59/112 MP: 13/13
 20878 | Lair:4   | Identified the +2 mace "Kophifreu" {spect, +Blink Will+
                  | Dex+4}
 21608 | Lair:5   | Found a gate leading to a gauntlet.
 21616 | Gauntlet | Entered a Gauntlet
 21616 | Gauntlet | Found a transporter.
 21628 | Gauntlet | Found a transporter.
 21641 | Gauntlet | Found a transporter.
 21642 | Gauntlet | Found a transporter.
 21650 | Gauntlet | Found a transporter.
 21671 | Gauntlet | Found a transporter.
 21683 | Gauntlet | Found a transporter.
 21684 | Gauntlet | Found a runed translucent gate.
 21684 | Gauntlet | Found a runed translucent gate.
 21684 | Gauntlet | Found a runed translucent gate.
 21686 | Gauntlet | Found the ring of Shadows {Umbra +Inv Stlth+}
 21693 | Gauntlet | Found a transporter.
 21712 | Gauntlet | Found a transporter.
 21726 | Gauntlet | Found a transporter.
 21726 | Gauntlet | Found a transporter.
 21774 | Gauntlet | Found a transporter.
 21788 | Gauntlet | Found a transporter.
 21801 | Gauntlet | Found a transporter.
 21922 | Gauntlet | Reached skill level 1 in Evocations
 22270 | Gauntlet | Noticed a minotaur
 22286 | Gauntlet | Killed a minotaur
 22287 | Gauntlet | Reached skill level 14 in Fighting
 23244 | Lair:5   | Identified the amulet "Piun" {RegenMP Will+ Int+3 Dex+2}
 23466 | Lair:5   | Found a viscous altar of Jiyva.
 23467 | Lair:5   | Found a staircase to the Slime Pits.
 23787 | Lair:6   | Entered Level 6 of the Lair of Beasts
 24490 | Lair:6   | Found a burning altar of Makhleb.
 25562 | Lair:6   | Reached XP level 14. HP: 115/121 MP: 14/14
 26268 | Lair:6   | Found a gateway to Hell.
 26275 | Lair:6   | Identified the +1 flail of Juapo {venom, rC+ SInv}
 26913 | D:11     | Reached skill level 10 in Dodging
 27759 | D:11     | Found a staircase to the Orcish Mines.
 28445 | Orc:1    | Entered Level 1 of the Orcish Mines
 28822 | Orc:1    | Found a burning altar of Makhleb.
 29276 | Orc:1    | Reached skill level 5 in Evocations
 29292 | Orc:1    | Noticed Clumpoid's ghost (journeyman TrMo)
 29295 | Orc:1    | Found a runed translucent door.
 29307 | Orc:1    | Reached skill level 10 in Throwing
 29698 | Orc:1    | Found Epumas's Antique Armour Emporium.
 29762 | Orc:1    | Bought a distressingly furry leather armour for 245 gold
                  | pieces
 29762 | Orc:1    | Identified the +1 leather armour of Good Intentions
                  | {*Corrode Dex+6 Stlth+} (You bought it in a shop on level 1
                  | of the Orcish Mines)
 29827 | Orc:1    | Killed Clumpoid's ghost
 30221 | Orc:2    | Entered Level 2 of the Orcish Mines
 30966 | Orc:2    | Identified the +10 scimitar of the Genius {freeze, rCorr
                  | Int+2}
 31221 | Orc:2    | Found Geb Raut's Jewellery Shoppe.
 31221 | Orc:2    | Found Dunu's Jewellery Emporium.
 31247 | Orc:2    | Found Zoahumuf's Weapon Emporium.
 31249 | Orc:2    | Found Hilimeos's Magic Scroll Shoppe.
 31253 | Orc:2    | Bought a scroll of acquirement for 728 gold pieces
 31253 | Orc:2    | Bought a scroll of fear for 49 gold pieces
 31253 | Orc:2    | Bought a scroll of immolation for 49 gold pieces
 31253 | Orc:2    | Bought a scroll of silence for 105 gold pieces
 31253 | Orc:2    | Bought a scroll of magic mapping for 49 gold pieces
 31255 | Orc:2    | Acquired 966 gold pieces
 31358 | Orc:2    | Noticed an orc warlord
 31372 | Orc:2    | Killed an orc warlord
 31373 | Orc:2    | Reached skill level 10 in Armour
 31825 | Orc:2    | Reached skill level 15 in Fighting
 31905 | Orc:2    | Found a staircase to the Elven Halls.
 32246 | D:12     | Reached skill level 10 in Axes
 32610 | D:12     | Got Sif Muna's Catalogue of the Entourage and Attacks
 32654 | D:12     | Reached XP level 15. HP: 128/129 MP: 15/15
 33616 | D:12     | Reached skill level 1 in Shields
 34470 | D:13     | Found Hakhlefim's Distillery.
 34544 | D:13     | Bought 2 potions of attraction for 84 gold pieces
 34544 | D:13     | Bought 2 potions of haste for 280 gold pieces
 35301 | D:13     | Found a gate to the Vaults.
 35713 | D:14     | Noticed Rupert
 35725 | D:14     | Killed Rupert
 36344 | D:14     | Found an ornate altar of the Wu Jian Council.
 36726 | D:15     | Entered Level 15 of the Dungeon
 36924 | D:15     | Noticed Louise
 36948 | D:15     | Killed Louise
 37812 | D:15     | Found a staircase to the Depths.
 37812 | D:15     | Noticed a frost giant
 37820 | D:15     | Killed a frost giant
 38169 | Elf:1    | Entered Level 1 of the Elven Halls
 38973 | Elf:1    | Paralysed by an air elemental for 1 turns
 39165 | Elf:1    | Reached XP level 16. HP: 90/136 MP: 16/16
 40242 | Elf:2    | Found Hutu's Armour Shoppe.
 40599 | Elf:2    | Found Soasig's Distillery.
 40813 | Elf:2    | Bought a potion of heal wounds for 95 gold pieces
 40813 | Elf:2    | Bought a potion of ambrosia for 152 gold pieces
 40989 | Elf:2    | Found Govus's Weapon Shoppe.
 41388 | Elf:2    | Found Bapn's Assorted Antiques.
 41393 | Elf:2    | Bought a potion of heal wounds for 195 gold pieces
 41393 | Elf:2    | Bought a potion of heal wounds for 195 gold pieces
 41393 | Elf:2    | Bought a scroll of holy word for 292 gold pieces
 41481 | Elf:2    | Paralysed by an air elemental for 1 turns
 42696 | Elf:2    | Reached skill level 5 in Shields
 42710 | Elf:2    | Found Efytui's Magic Scroll Boutique.
 42715 | Elf:2    | Bought a scroll of enchant armour for 112 gold pieces
 42715 | Elf:2    | Bought a scroll of enchant armour for 112 gold pieces
 42715 | Elf:2    | Bought a scroll of fog for 30 gold pieces
 42715 | Elf:2    | Bought 3 scrolls of teleportation for 135 gold pieces
 42829 | Elf:2    | Reached skill level 16 in Fighting
 42944 | Elf:2    | Found a huge runed translucent gate.
 42944 | Elf:2    | Found a huge runed translucent gate.
 42944 | Elf:2    | Found a huge runed translucent gate.
 42944 | Elf:2    | Found a huge runed translucent gate.
 42945 | Elf:2    | Found a huge runed translucent gate.
 42948 | Elf:2    | Noticed Donald
 42960 | Elf:2    | Killed Donald
 43839 | Elf:2    | Cast into level 3 of the Abyss (+4 bardiche of distortion)
 43842 | Abyss:3  | Noticed an Executioner
 43843 | Abyss:3  | Got an abyssal rune of Zot
 43872 | Elf:2    | Escaped the Abyss
 44186 | Elf:2    | Noticed a deep elf blademaster
 44202 | Elf:2    | Killed a deep elf blademaster
 44482 | Elf:2    | Killed from afar by a deep elf zephyrmancer

Illustrated notes

Levels and vault maps discovered:
D:1:      lightli_molten_gateway, layout_basic, minmay_misc_feat_chi,
          st_stairs_7, bh_walls_and_bars
D:2:      layout_basic, dilly_ecumenical_altar_fadedgnrine
D:3:      layout_basic, mainiacjoe_overflow_brackets,
          nzn_hepliaklqana_mist_gate, cheibrodos_sewer_entry_bend,
          minmay_fountain_box, grunt_decor_arrowhead, roderic_batcave,
          uniq_grinder, uniq_sigmund
D:4:      layout_cave_pools, nicolae_uskayaw_dance_hall, grunt_dithmenos_smoke,
          minmay_temple_entry_steel_oval
D:5:      layout_basic, uniq_pikel, uniq_edmund
D:6:      layout_gridville, kennysheep_ying_yang, kennysheep_little_box,
          okawaru_altar_gauntlet_db, serial_co_window_serial, co_window_cross_1,
          co_window_of_opportunity_a, co_window_of_opportunity_a,
          co_window_paths_a, co_window_cross_1, co_window_corner_b,
          co_window_broadway_b, co_window_corner_cb, co_window_corner_cb,
          co_window_paths_d, glass_columns_b, glass_columns_c, glass_columns_a,
          glass_columns_a, uniq_menkaure
D:7:      layout_rooms, lightli_temple_of_fire, enter_bailey_3
D:8:      layout_basic, nicolae_overflow_hidden_temple, dpeg_lair_monsters
D:9:      layout_rooms, serial_shops, nicolae_shop_crystal, uniq_erolcha,
          uniq_maurice, uniq_maggie
D:10:     layout_long_grid, mainiacjoe_overflow_alcove_4, serial_shops, shop,
          roderic_serpentine_path, st_stairs_2, uniq_grum
D:11:     dreamdust_isle_of_ice, layout_layer_cave, david_orc_5
D:12:     minmay_the_grid_octo_triangle [minmay_the_grid_octo_chip,
          minmay_the_grid_octo_prize_ultimate_mussel_roller,
          minmay_the_grid_octo_concentric], layout_basic, dk_noncrumbling_2
D:13:     layout_cave_pools, david_vaults_1, serial_shops, shop_fountains,
          grunt_ministairs_7
D:14:     layout_big_octagon, nicolae_wu_jian_wuxing_cycle, uniq_rupert
D:15:     grunt_enter_depths_snipers, layout_cave_pools, hex_tiny, uniq_louise
Temple:   jpeg_temple_alley_garden
Lair:1:   lemuel_ratsnest, layout_layer_cave, serial_bayou_pond_e,
          serial_bayou_shore_b, lemuel_fruit_fields, grunt_megastairs_2,
          uniq_sonja
Lair:2:   layout_cave_pods, grunt_megastairs_5
Lair:3:   layout_cave_pods, minmay_snake_entry_guardpost_small,
          spider_nest_entry_webs, st_stairs_3, grunt_megastairs_4,
          serial_bayou_shore_b, serial_bayou_shore_b
Lair:4:   layout_gridlike, columned_hall_lemuel, lookout_lair_type,
          guppyfry_lair_drakes, infiniplex_staircase_pool
Lair:5:   layout_gridlike, slime_altar_1, gauntlet_entry_generic,
          serial_bayou_shore_a
Lair:6:   evil_forest, layout_long_grid, chequers_serial_rivers_small_3,
          minivault_11
Orc:1:    cheibrodos_orc_bank, layout_caves, hellmonk_ghost_happy_afterlife,
          serial_shops, nicolae_shop_trees, basic_altar
Orc:2:    st_orc_mages, layout_caves, elf_legates
Elf:1:    nicolae_elf_arrival_fired_up, layout_geoelf_octagon,
          hangedman_corner_corridor
Elf:2:    elven_hall_of_blades_hangedman_alternative
          [nooodl_blade_entry_preview], layout_gridlike, serial_shops,
          nicolae_shop_window_shopping, shop, nicolae_shop_crystal, shop, shop,
          uniq_donald

Skill      XL: |  1  2  3  4  5  6  7  8  9 10 11 12 13 14 15 16 |
---------------+-------------------------------------------------+-----
Throwing       | 2 3 4 5 6 7 8 9 10 11 | 11.8
Dodging        | 3 4 5 6 7 8 9 10 11 | 11.9
Maces & Flails | 3 |  3.1
Armour         | 2 3 4 5 7 8 9 10 11 | 11.5
Fighting       | 3 4 5 12 13 14 15 16 | 16.0
Axes           | 1 2 3 4 5 6 8 9 10 11 | 11.4
Evocations     | 3 6 7 8 |  8.5
Shields        | 3 5 |  5.2

Action                   |  1- 3 |  4- 6 |  7- 9 | 10-12 | 13-15 | 16-18 || total
-------------------------+-------+-------+-------+-------+-------+-------++-------
Melee: Flail             |   120 |       |       |       |       |       ||   120
       Hand axe          |     7 |   123 |   227 |   362 |       |       ||   719
       Headbutt          |       |    12 |    34 |   119 |   294 |    62 ||   521
       War axe           |       |       |       |    94 |   818 |    75 ||   987
       Mace              |       |       |       |       |    30 |       ||    30
       Broad axe         |       |       |       |       |       |   139 ||   139
 Fire: Arbalest          |       |       |    22 |    33 |       |       ||    55
Throw: Throwing net      |       |     1 |       |     5 |     4 |       ||    10
       Dart              |       |       |    13 |    14 |     2 |     3 ||    32
       Boomerang         |       |       |     5 |       |       |       ||     5
Evoke: Wand              |       |       |       |     8 |       |       ||     8
       Phial of floods   |       |       |       |     1 |       |       ||     1
       Phantom mirror    |       |       |       |       |       |     1 ||     1
  Use: Potion            |       |       |     6 |     2 |     2 |     1 ||    11
       Scroll            |       |       |       |     9 |    11 |    15 ||    35
 Stab: Sleeping          |       |       |     3 |     5 |     2 |       ||    10
       Distracted        |       |       |     1 |     6 |    13 |     3 ||    23
       Held in net/web   |       |       |       |       |     1 |       ||     1
Armor: Leather armour    |     3 |       |       |       |       |       ||     3
       Ring mail         |    38 |    73 |    98 |   127 |    26 |       ||   362
       Skin              |       |       |     4 |       |       |       ||     4
       Plate armour      |       |       |       |       |   449 |   126 ||   575
Dodge: Dodged            |    83 |   128 |   185 |   375 |   471 |    68 ||  1310
Block: Tower shield      |       |       |       |       |   259 |   203 ||   462

Table legend: (Time is in decaauts)
 A = Elapsed time spent in this place.
 B = Non-inter-level travel time spent in this place.
 C = Inter-level travel time spent in this place.
 D = Time resting spent in this place.
 E = Time spent auto-exploring this place.
 F = Levels seen in this place.
 G = Mean time per level.
                   A        B        C        D        E       F      G
               +--------+--------+--------+--------+--------+-----+--------+
         Total |  44888 |  43064 |   1824 |   5085 |  31196 |  31 | 1448.0 |
       Dungeon |  20869 |  19753 |   1116 |   1385 |  15001 |  15 | 1391.3 |
        Temple |     73 |     48 |     25 |      0 |     43 |   1 |   73.0 |
          Lair |  10476 |   9946 |    530 |    815 |   8045 |   6 | 1746.0 |
  Orcish Mines |   4167 |   4038 |    129 |    797 |   2529 |   2 | 2083.5 |
   Elven Halls |   6029 |   6006 |     23 |   1181 |   4067 |   2 | 3014.5 |
         Abyss |     32 |     32 |      0 |      0 |      0 |   2 |   16.0 |
         Sewer |    649 |    649 |      0 |      0 |    438 |   1 |  649.0 |
        Bailey |   1456 |   1456 |      0 |    535 |    537 |   1 | 1456.0 |
      Gauntlet |   1133 |   1133 |      0 |    371 |    535 |   1 | 1133.0 |
               +--------+--------+--------+--------+--------+-----+--------+

Top non-repeatable levels by time:
   Elf:2: 3110 daAuts
   Elf:1: 2918 daAuts
   Orc:1: 2621 daAuts
  Lair:6: 2279 daAuts
    D:12: 2279 daAuts
     D:3: 2211 daAuts
  Lair:1: 1976 daAuts
  Lair:3: 1940 daAuts
     D:8: 1788 daAuts
    D:11: 1647 daAuts
    D:10: 1642 daAuts
    D:13: 1559 daAuts
   Orc:2: 1545 daAuts
  Lair:2: 1497 daAuts
  Bailey: 1456 daAuts
